 Dungeon Crawl Stone Soup version 0.22-a0-538-g76cc104 (webtiles) character file.

7 emperorscorpion the Sneak (level 1, 0/9 HPs)
             Began as a Spriggan Enchanter on June 23, 2018.
             Slain by a giant cockroach (2 damage)
             ... on level 1 of the Dungeon.
             The game lasted 00:01:28 (223 turns).

emperorscorpion the Sneak (Spriggan Enchanter)       Turns: 223, Time: 00:01:28

Health: 0/9        AC:  2    Str:  4    XL:     1   Next: 91%
Magic:  4/5        EV: 18    Int: 16    God:
Gold:   0          SH:  3    Dex: 16    Spells: 5/6 levels left

rFire    . . .     SeeInvis +   a - +1 dagger
rCold    . . .     Gourm    .   (shield restricted)
rNeg     . . .     Faith    .   b - +0 robe
rPois    .         Spirit   .   (helmet restricted)
rElec    .         Reflect  +   (no cloak)
rCorr    .         Harm     .   (gloves unavailable)
MR       .....                  (boots unavailable)
Stlth    +++.......             e - +3 amulet of reflection
HPRegen  0.03/turn              (no ring)
MPRegen  0.09/turn              (no ring)

@: very quick
A: very small, unfitting armour, see invisible, herbivore, speed 3, slow
metabolism 2
a: no special abilities


You were on level 1 of the Dungeon.
You were not hungry.

You visited 1 branch of the dungeon, and saw 1 of its levels.

Inventory:

Hand Weapons
 a - a +1 dagger (weapon)
Armour
 b - a +0 robe (worn)
Jewellery
 e - a +3 amulet of reflection (around neck)
Scrolls
 c - 3 scrolls of teleportation {unknown}
Comestibles
 d - 2 rations


   Skills:
 + Level 1.1 Short Blades
 + Level 3.0 Dodging
 + Level 4.6 Stealth
 + Level 3.0 Spellcasting
 + Level 3.9 Hexes


You had 5 spell levels left.
You knew the following spells:

 Your Spells              Type           Power        Failure   Level  Hunger
a - Corona                Hex            ##.....      3%          1    #......

Your spell library contained the following spells:

 Spells                   Type           Power        Failure   Level  Hunger
 Confuse                  Hex            ##......     12%         3    ###....
 Tukima's Dance           Hex            ##......     12%         3    ###....
 Ensorcelled Hibernation  Hex/Ice        #.....       13%         2    ##.....
 Dazzling Spray           Conj/Hex       #.....       26%         3    ###....


Dungeon Overview and Level Annotations

Branches:
Dungeon (1/15)

Altars:


Innate Abilities, Weirdness & Mutations

You are very small and have problems with some larger weapons.
You are too small for most types of armour.
You have supernaturally acute eyesight. (SInv)
You are a herbivore.
You cover ground extremely quickly.
You need to consume almost no food.


Message History

A jackal comes into view.
The jackal barks!
You hear a shout!
A rat comes into view.
The rat moves out of view.
A goblin comes into view. It is wielding a club.
Found a viscous blue potion.
Casting: Corona (safe; 3% risk of failure)
Confirm with . or Enter, or press ? or * to list all spells.
Aiming: Corona (safe; 3% risk of failure)
Press: ? - help, Shift-Dir - straight line, f - giant cockroach
Aim: a giant cockroach (clinging, chance to defeat MR: 68%)
The giant cockroach is outlined in light.
The giant cockroach closely misses you.
You hit the giant cockroach.
The giant cockroach is severely wounded.
The giant cockroach bites you but does no damage.
You hit the giant cockroach but do no damage.
The giant cockroach is severely wounded.
The giant cockroach bites you.
You die...

#....r#.........
#...s.#.........
#)..#...!..###..
###..##..##..##.. #
#rg..##..# ...... #.#..
#r##.##..## ..... ##.#..
#h##.##...###....
$.(....####s##.#.h#?##.....
..?.......@.##...##......##
........###...#.####....##
............###.#####.....
####............$..........
...>......######.###.##....
.............(##.###.##....
.........####.......K....#.
.........# ##.##.###..$
.........########.##.####K.


You could see a jackal, a giant cockroach, a goblin and 2 rats.

Vanquished Creatures
  A dart slug (D:1)
  A giant cockroach (D:1)
  A goblin (D:1)
  A jackal (D:1)
  A bat (D:1)
5 creatures vanquished.

Notes
Turn   | Place    | Note
-------+----------+-------------------------------------------
     0 | D:1      | emperorscorpion the Spriggan Enchanter began the quest for the Orb.
     0 | D:1      | Reached XP level 1. HP: 9/9 MP: 5/5
   223 | D:1      | Slain by a giant cockroach

Vault maps used:
D:1:      dpeg_arrival_stonehenge_8_columns

Skill      XL: |  1 |
---------------+----+-----
Spellcasting   | 3 |  3.0
Short Blades   | |  1.1
Dodging        | |  3.0
Stealth        | |  4.6
Hexes          | |  3.9

Action                   || total
-------------------------++-------
Melee: Dagger            ||    29
 Cast: Corona            ||     4
 Stab: Sleeping          ||     1
Armor: Robe              ||     6
Dodge: Dodged            ||    25

Table legend:
 A = Spawn XP
 B = Non-spawn XP
 C = Spawn XP percentage of total XP
 D = Spawn monster count
 E = Non-spawn monster count
 F = Spawn count percentage of total count
 G = Total turns spent on level
                    A         B        C        D         E        F      G
               +---------+---------+-------+---------+---------+-------+---------
         Total |       0 |      11 |   0.0 |       0 |       5 |   0.0 |   223
               +---------+---------+-------+---------+---------+-------+---------
           D:1 |       0 |      11 |   0.0 |       0 |       5 |   0.0 |   223
               +---------+---------+-------+---------+---------+-------+---------
